AoeStats
← Bugsibär

Runestones

507686062Analyzed
1v1 RM · 14d ago on Sep 19, 2026· 51m 46s· 2 players
Game mode
Random Map
Map size
Tiny (2 player)
Population
200
Speed
Normal
Resources
Standard
Victory
Conquest
Starting age
Dark Age
Ending age
Imperial Age
RankedLock teamsTeams togetherTeam positionsShared explorationLock speedFull tech treeHidden civsTurbo modeCheats
Victory
Defeat
🇩🇪 Bulgarians · Germany
1711
+18
🇮🇹 Armenians · Italy
1754
-18
Bugsibär
6:48 Loom
9:04 Feudal Age
9:57 Double-Bit Axe
9:54 Horse Collar
16:09 Fletching
21:31 Castle Age
20:40 Padded Archer Armor
20:35 Gold Mining
21:15 Bloodlines
22:31 Bow Saw
22:22 Bodkin Arrow
23:07 Leather Archer Armor
23:07 Husbandry
25:22 Wheelbarrow
29:47 Ballistics
29:53 Thumb Ring
30:59 Heavy Plow
36:15 Imperial Age
34:59 Scale Barding Armor
35:05 Forging
35:40 Hand Cart
35:54 Stone Mining
36:40 Gold Shaft Mining
36:30 Stirrups
36:58 Bracer
37:27 Conscription
37:51 Parthian Tactics
38:32 Chemistry
37:12 Light Cavalry
38:22 Masonry
38:56 Chain Barding Armor
38:17 Hussar
41:13 Plate Barding Armor
43:54 Iron Casting
45:16 Blast Furnace
43:39 Elite Skirmisher
44:48 Capped Ram
45:52 Heavy Cavalry Archer
47:24 Elite Konnik
GdR_Scugo
6:24 Loom
8:50 Feudal Age
11:43 Double-Bit Axe
13:29 Fletching
22:08 Castle Age
20:31 Stone Mining
20:39 Horse Collar
23:21 Bodkin Arrow
24:45 Wheelbarrow
28:03 Sanctity
30:35 Padded Archer Armor
35:39 Imperial Age
35:52 Ballistics
36:26 Bow Saw
36:22 Bracer
37:27 Chemistry
36:59 Conscription
37:54 Leather Archer Armor
39:07 Ring Archer Armor
40:42 Elite Composite Bowman
47:42 Squires
Connection lost

Rejoining the realm…

Still unreachable

The connection could not be restored.

Session expired

The server has moved on; the page needs a fresh start.